Map: 어센션 투 아이어 - 래더

Players

TYTY (TY)

  • Race: Terran Terran
  • League: Grandmaster
  • Spawn Location: 5:00

Zest - Winner!

  • Race: Protoss Protoss
  • Spawn Location: 11:00

VOD

Have the link to the VOD?

Description

Time

  • Played on: Dec. 22, 2017, 6:01 a.m.
  • Length: 7:47
Show
View Real Time Build Order
Export as new Build Order

TYTY Terran 

Build Orders: Gas First Reaper Expand, Reaper Expand 

Get SALT Encoding   

  12  0:00  SCV  
  13  0:12  SCV  
  14  0:17  Supply Depot  
  14  0:24  SCV  
  15  0:30  Refinery  
  15  0:38  SCV  
  16  0:44  Barracks  
  16  0:50  SCV  
  17  1:03  SCV  
  18  1:15  SCV  
  19  1:30  Reaper  
  19  1:31  Orbital Command  
  20  1:43  Command Center  
  20  1:55  Factory  
  20  1:58  SCV  
  21  2:06  Supply Depot  
  21  2:08  Barracks Reactor  
  21  2:12  SCV  
  22  2:24  SCV  
  23  2:36  SCV  
  24  2:46  Hellion  
  24  2:47  Hellion  
  24  2:48  SCV  
  29  2:54  Command Center  
  29  3:00  Orbital Command  
  29  3:02  SCV  
  30  3:10  Marine x2  
  32  3:14  SCV  
  32  3:18  Barracks, Factory Tech Lab  
  33  3:25  SCV  
  34  3:27  SCV  
  34  3:28  Marine x2  
  37  3:38  SCV, Siege Tank  
  37  3:40  SCV  
  41  3:48  Marine x2  
  39  3:50  SCV  
  39  3:52  SCV  
  39  3:53  Barracks  
  41  4:01  Bunker  
  41  4:02  SCV  
  42  4:04  SCV  
  42  4:05  Marine  
  42  4:06  Marine, Orbital Command  
  42  4:07  Barracks Tech Lab  
  45  4:12  Siege Tank  
  45  4:14  SCV  
  49  4:19  SCV, Refinery  
  49  4:23  Marine x2  
  52  4:25  Refinery  
  52  4:26  SCV, Marine  
  54  4:31  SCV  
  54  4:32  SCV, Supply Depot  
  54  4:37  Stimpack  
  54  4:38  SCV  
  57  4:41  Marine  
  57  4:44  Marine  
  59  4:47  SCV x2  
  59  4:52  Supply Depot  
  61  4:54  Marauder  
  61  4:55  Supply Depot  
  61  4:57  SCV  
  66  5:01  Supply Depot  
  66  5:02  Marine x2  
  66  5:03  SCV  
  66  5:04  SCV  
  66  5:05  Starport  
  69  5:09  Factory Reactor  
  69  5:11  SCV  
  69  5:15  SCV  
  69  5:17  Marauder x2  
  69  5:20  SCV, Marine x2  
  69  5:21  Engineering Bay  
  76  5:24  Engineering Bay  
  76  5:28  Refinery  
  76  5:29  SCV  
  76  5:31  Concussive Shells  
  76  5:32  SCV  
  76  5:34  SCV  
  79  5:37  Marine x2  
  79  5:38  Marine, Supply Depot  
  79  5:40  Marauder  
  79  5:41  Orbital Command  
  84  5:44  SCV x2  
  86  5:50  Medivac x2  
  86  5:55  Marine  
  86  5:56  SCV  
  86  5:57  SCV  
  92  5:59  Factory Reactor  
  92  6:03  Supply Depot  
  92  6:04  Supply Depot  
  94  6:06  Marine x3  
  94  6:07  SCV  
  94  6:08  SCV  
  94  6:09  SCV  
  97  6:17  Missile Turret  
  97  6:19  SCV  
  97  6:20  SCV  
  97  6:21  SCV  
  100  6:25  Marine  
  100  6:26  Barracks  
  100  6:27  Barracks, Supply Depot  
  100  6:28  Marine  
  100  6:31  Marauder x2  
  106  6:36  Medivac x2  
  105  6:41  Widow Mine  
  105  6:42  Widow Mine  
  105  6:43  Marine  
  105  6:44  SCV x2  
  105  6:45  Orbital Command  
  105  6:46  Marine  
  95  6:52  Marine x2  
  92  6:56  SCV  
  86  7:03  SCV, Marine  
  86  7:04  Marine  
  86  7:06  Widow Mine  
  88  7:08  SCV  
  88  7:10  Marauder x2  
  81  7:16  Marine  
  81  7:21  Marine x2  
  63  7:34  SCV  
Show
View Real Time Build Order
Export as new Build Order

Zest Protoss - Winner!

Build Orders: 1 Gate Expand, Blink Stalkers 

Get SALT Encoding   

  12  0:00  Probe  
  13  0:12  Probe  
  14  0:17  Pylon  
  14  0:24  Probe (Chrono Boost)  
  16  0:35  Gateway  
  16  0:36  Probe (Chrono Boost)  
  16  0:42  Probe (Chrono Boost)  
  16  0:45  Assimilator  
  17  0:51  Probe  
  18  1:03  Probe  
  19  1:15  Probe  
  20  1:22  Nexus  
  20  1:31  Cybernetics Core  
  20  1:35  Probe  
  21  1:40  Assimilator  
  21  1:47  Probe  
  21  1:49  Pylon  
  22  1:59  Probe  
  23  2:05  Stalker (Chrono Boost)  
  25  2:08  Warp Gate  
  25  2:12  Probe  
  26  2:24  Probe  
  26  2:26  Twilight Council  
  27  2:30  Stalker  
  27  2:34  Probe (Chrono Boost)  
  27  2:36  Probe (Chrono Boost)  
  31  2:46  Probe (Chrono Boost)  
  31  2:47  Probe (Chrono Boost)  
  33  2:51  Probe (Chrono Boost)  
  33  2:52  Probe (Chrono Boost)  
  33  2:54  Blink (Chrono Boost)  
  35  3:01  Probe  
  35  3:02  Probe  
  37  3:14  Gateway  
  37  3:15  Gateway  
  37  3:17  Stalker  
  39  3:23  Probe x2  
  41  3:30  Pylon  
  41  3:37  Probe x2  
  38  3:49  Probe x2  
  40  4:01  Probe  
  40  4:02  Probe  
  42  4:06  Nexus  
  42  4:11  Stalker x3  
  42  4:14  Probe x2  
  50  4:22  Robotics Facility  
  50  4:28  Probe, Pylon  
  50  4:29  Probe  
  52  4:35  Charge (Chrono Boost)  
  52  4:41  Probe x2  
  54  4:49  Stalker x3  
  60  4:54  Probe x2  
  62  5:05  Gateway x2  
  62  5:07  Gateway  
  62  5:17  Probe x2, Observer (Chrono Boost)  
  62  5:21  Probe  
  66  5:29  Probe x2, Gateway  
  66  5:30  Gateway, Pylon  
  66  5:32  Warp Prism (Chrono Boost)  
  66  5:34  Probe  
  71  5:41  Probe  
  71  5:42  Pylon  
  72  5:52  Pylon  
  72  6:03  Stalker, Pylon  
  72  6:04  Stalker x3  
  76  6:05  Stalker x2  
  84  6:20  Pylon x2  
  84  6:25  Zealot x3  
  90  6:26  Zealot x2  
  90  6:27  Zealot x2  
  90  6:28  Zealot  
  84  6:50  Zealot x8  
  82  7:14  Zealot x3  
  82  7:15  Zealot x5  
  82  7:35  Probe  
  82  7:37  Zealot x8  
Tags
 
Add a new tag
Caveats
  • Supply blocks, unpowered buildings, or Contaminate may cause inaccurate times.
  • Supply counts are checked every 10 seconds.